 Dungeon Crawl Stone Soup version 0.30.1-4-g462c640d31 (webtiles) character file.

Game seed: 14770477846496397913

247 FishyPogo the Magician (level 5, -2/48 HPs)
             Began as a Troll Hedge Wizard on Sept 16, 2023.
             Succumbed to Sigmund's poison
             ... on level 4 of the Dungeon.
             The game lasted 00:05:06 (2862 turns).

FishyPogo the Magician (Troll Hedge Wizard)         Turns: 2862, Time: 00:05:07

Health: -2/48      AC:  5    Str: 24    XL:     5   Next: 85%
Magic:  5/7        EV: 10    Int: 12    God:
Gold:   256        SH:  0    Dex:  9    Spells: 7/8 levels left

rFire   . .          .
                       - Unarmed
rCold   . . .        (no shield)
rNeg    . . .        b - +0 robe
rPois   .            c - +0 hat
rElec   .            q - +0 cloak
rCorr   .            (gloves unavailable)
SInv    .            (boots unavailable)
Will    .....        (no amulet)
Stlth   +            f - +6 ring of strength
HPRegen 1.08/turn    (no ring)
MPRegen 0.10/turn

%: no passive effects
@: lethally poisoned (-2 -> -11)
A: large, unfitting armour, claws 3, regeneration 1, shaggy fur 1, tough skin 1
a: no special abilities


You were on level 4 of the Dungeon.
You visited 1 branch of the dungeon, and saw 4 of its levels.

You collected 256 gold pieces.

Inventory:

Missiles
 l - 18 stones
 m - 2 atropa-tipped darts
 o - 4 poisoned darts
Armour
 b - a +0 robe (worn)
 c - a +0 hat (worn)
 q - a +0 cloak (worn)
Jewellery
 f - a +6 ring of strength (left claw)
Scrolls
 a - a scroll of amnesia {unknown}
 g - a scroll of enchant armour {unknown}
 h - a scroll of immolation {unknown}
 i - 4 scrolls of teleportation {unknown}
 k - a scroll of summoning {unknown}
 n - a scroll of enchant weapon {unknown}
 t - a scroll of fog {unknown}
 u - a scroll of identify {unknown}
 v - a scroll of noise {unknown}
 y - a scroll of fear {unknown}
Potions
 d - a potion of magic
 e - 4 potions of degeneration {unknown}
 j - 5 potions of curing {unknown}
 p - 2 potions of brilliance {unknown}
 r - 2 potions of mutation {unknown}
 s - a potion of lignification {unknown}
 w - a potion of heal wounds {unknown}
 x - a potion of berserk rage {unknown}


   Skills:
 + Level 1.3 Fighting
 - Level 2.0 Dodging
 - Level 1.0 Stealth
 + Level 1.9 Unarmed Combat
 + Level 2.3 Spellcasting
 + Level 1.5 Conjurations
 + Level 1.6 Summonings
 - Level 1.0 Translocations
 + Level 1.1 Air Magic
 + Level 1.3 Poison Magic


You had 7 spell levels left.
You knew the following spells:

 Your Spells              Type           Power      Damage    Failure   Level
a - Magic Dart            Conj           20%        1d4       14%         1

Your spell library contained the following spells:

 Spells                   Type           Power      Damage    Failure   Level
 Call Imp                 Summ           10%        N/A       21%         2
 Slow                     Hex            4%         N/A       26%         1
 Blink                    Tloc           6%         N/A       26%         2
 Cigotuvi's Dreadful Rot  Necr/Pois/Air  6%         N/A       28%         2
 Call Canine Familiar     Summ           5%         N/A       38%         3
 Mephitic Cloud           Conj/Pois/Air  4%         N/A       43%         3
 Portal Projectile        Hex/Tloc       4%         N/A       54%         3
 Leda's Liquefaction      Hex/Erth       0%         N/A       95%         4


Dungeon Overview and Level Annotations

Branches:
Dungeon (4/15)
 Temple: D:4-7

Altars:
Nemelex Xobeh

Annotations:
D:3 2 transporters
D:4 Ijyb, Menkaure, Sigmund


Innate Abilities, Weirdness & Mutations

You are too large for most types of armour.
You have claws for hands.
Your natural rate of healing is unusually fast.
You are covered in fur. (AC +1)
You have tough skin. (AC +1)


Message History

Aiming: Magic Dart (safe; 14% risk of failure)
Press: ? - help, Shift-Dir - straight line, f/p - Sigmund
Aim: Sigmund, wielding a +6 scythe of venom and wearing a +0 robe (lightly wounded, 100% to hit)
The magic dart hits Sigmund.
Sigmund is lightly wounded.
Sigmund mumbles some strange words.
Sigmund flickers and vanishes!
Deactivating autopickup; reactivate with Ctrl-A.
Menkaure, Prince of Dust comes into view.
Found a sparkling altar of Nemelex Xobeh.
Menkaure shouts!
Menkaure casts a spell.
Menkaure seems to speed up.
Something hits you!
You are poisoned.
You barely miss something.
You feel very sick.
An orc priest comes into view. It is wielding a +0 hand axe.
You closely miss something.
You feel very sick. Something hits you!
You are more poisoned.
You closely miss something.
You feel very sick.
You hear some strange, mumbled words.
A magic dart appears from out of thin air!
The magic dart hits you!
* * * LOW HITPOINT WARNING * * *
You closely miss something.
* * * LOW HITPOINT WARNING * * *
You feel very sick. Something hits you.
* * * LOW HITPOINT WARNING * * *
You are more poisoned.
Ijyb the Twisted Goblin comes into view.
She is wielding a +0 club and carrying a wand of polymorph (5).
You barely miss something.
* * * LOW HITPOINT WARNING * * *
You feel very sick.
Ijyb shouts!
You claw something!
You die...

#. ## #.# # .#
. #.# .# # .#
.#####.# .# <#
.#
.g.....##.#..#
##
#..........#
#...M.{..#
#....@#
#....#..≈≈≈≈≈
#....#.≈.....
#....#.≈.≈≈≈.
#....#.≈≈...≈
.
#.#.##.≈≈._.≈
.. #.#.#
.≈≈...≈ ...
#.#.# .≈.≈≈≈.
..## ####.#.#


You could see Ijyb and Menkaure (fast).

Vanquished Creatures
  An ogre (D:4)
  A scorpion (D:4)
  A gnoll (D:1)
  3 adders
  A worm (D:2)
  6 orcs
  5 bats
  5 endoplasms
  4 giant cockroaches
  7 goblins
  6 hobgoblins
  A kobold (D:4)
  3 quokkas
  5 ball pythons
  3 frilled lizards (D:1)
  6 rats
58 creatures vanquished.

Notes
Turn   | Place    | Note
-------+----------+-------------------------------------------
     0 | D:1      | FishyPogo the Troll Hedge Wizard began the quest for the
                  | Orb.
     0 | D:1      | Reached XP level 1. HP: 16/16 MP: 2/2
   181 | D:1      | Reached XP level 2. HP: 24/24 MP: 2/4
   650 | D:1      | Reached XP level 3. HP: 31/31 MP: 3/5
   960 | D:2      | Reached skill level 1 in Summonings
   969 | D:2      | Reached skill level 1 in Unarmed Combat
   969 | D:2      | Reached skill level 1 in Conjurations
  1183 | D:2      | Found a faded altar of an unknown god.
  1905 | D:3      | Reached XP level 4. HP: 40/40 MP: 6/6
  2075 | D:3      | Reached skill level 1 in Translocations
  2159 | D:3      | Found a transporter.
  2382 | D:3      | Found a transporter.
  2612 | D:4      | Noticed a scorpion
  2625 | D:4      | Killed a scorpion
  2626 | D:4      | Reached skill level 1 in Fighting
  2626 | D:4      | Reached skill level 1 in Poison Magic
  2626 | D:4      | Reached XP level 5. HP: 21/48 MP: 7/7
  2756 | D:4      | Noticed an ogre
  2765 | D:4      | Killed an ogre
  2766 | D:4      | Reached skill level 1 in Air Magic
  2852 | D:4      | Noticed Sigmund
  2856 | D:4      | Found a sparkling altar of Nemelex Xobeh.
  2856 | D:4      | Noticed Menkaure
  2860 | D:4      | Noticed Ijyb
  2861 | D:4      | HP: 1/48 [poisoned by Sigmund]
  2862 | D:4      | Succumbed to Sigmund's poison

Illustrated notes

Levels and vault maps discovered:
D:1:      minmay_arrival_doors, layout_basic, nrook_uturn, grunt_decor_fettered
D:2:      layout_basic, basic_ecumenical_altar, dreamdust_wishing_well,
          minmay_box_of_dots
D:3:      gammafunk_steamed_eel, layout_loops_corners, minmay_misc_feat_square,
          st_stairs_6
D:4:      layout_basic, lemuel_doored_altar, mainiacjoe_overflow_paths,
          nicolae_figureground_pulse, uniq_ijyb, uniq_menkaure, uniq_sigmund

Skill      XL: |  1  2  3  4  5 |
---------------+----------------+-----
Summonings     | 1 |  1.6
Unarmed Combat | 1 |  1.9
Conjurations   | 1 |  1.5
Translocations | 1 |  1.0
Dodging        | 2 |  2.0
Fighting       | 1 |  1.3
Poison Magic   | 1 |  1.3
Air Magic      | 1 |  1.1
Stealth        | |  1.0
Spellcasting   | |  2.3

Action                     |  1- 3 |  4- 6 || total
---------------------------+-------+-------++-------
  Melee: Unarmed           |    78 |    80 ||   158
         Punch             |       |     3 ||     3
   Cast: Magic Dart        |    38 |     7 ||    45
   Stab: Sleeping          |     1 |     1 ||     2
 Armour: Robe              |    24 |    19 ||    43
  Dodge: Dodged            |    23 |    27 ||    50
